Description

Solid opening, very safe and can find a lot of damage with the non-commital stalker + prism micro

Replay - pvt prism 3-stalker opening (blink no blink opening)

Build Order

Get SALT Encoding   

  12  0:01  Probe  
  13  0:13  Probe  
  14  0:17  Pylon  
  14  0:25  Probe (Chrono Boost)  
  15  0:37  Probe (Chrono Boost), Gateway  
  16  0:45  Probe (Chrono Boost)  
  16  0:46  Assimilator  
  17  0:51  Probe  
  18  1:03  Probe  
  19  1:16  Probe  
  20  1:24  Nexus  
  20  1:37  Cybernetics Core  
  20  1:38  Probe  
  21  1:41  Assimilator  
  21  1:50  Probe  
  21  1:52  Pylon  
  23  2:11  Stalker (Chrono Boost)  
  23  2:15  Warp Gate (Chrono Boost)  
  26  2:27  Robotics Facility  
  26  2:34  Stalker (Chrono Boost)  
  32  2:55  Stalker (Chrono Boost)  
  37  3:11  Warp Prism (Chrono Boost)  
  41  3:22  Gateway x2  
  36  4:06  Pylon  
  36  4:08  Assimilator  
  38  4:10  Observer (Chrono Boost)  
  38  4:17  Stalker x2  
  40  4:20  Nexus  
  40  4:24  Observer (Chrono Boost), Stalker  
  46  4:29  Pylon  
  50  4:51  Twilight Council, Forge  
  51  5:05  Warp Prism  
  49  5:09  Stalker x2  
  55  5:21  Pylon  
  55  5:22  Protoss Ground Armor Level 1 (Chrono Boost)  
  55  5:26  Stalker  
  55  5:27  Charge (Chrono Boost)  
  62  5:51  Sentry x2  
  68  6:05  Observer, Gateway x3  
  71  6:13  Gateway x3  
  71  6:25  Zealot  
  73  6:27  Observer  
  74  6:46  Zealot x3  
  80  6:48  Observer  
  81  7:07  Zealot x6  
  81  7:08  Gateway  
  93  7:12  Protoss Ground Weapons Level 1 (Chrono Boost)  
  93  7:16  Blink  
  110  8:13  Nexus  
  116  8:38  Templar Archives  
  116  8:40  Assimilator x2  
  116  8:46  Assimilator  
  90  9:01  Sentry x2  
  94  9:03  Protoss Ground Armor Level 2 (Chrono Boost)  
  94  9:23  Observer  
  98  9:28  Psionic Storm  
  110  9:34  High Templar x2  
  114  9:51  High Templar x6  
Spawning Tool Build Advisor. Get it on Overwolf

Go to:

Details

  • Created by: PiG      
  • Published on: Jan 14, 2018
  • Modified on: Jan 14, 2018
  • Patch: 4.0.0
Show
View Real Time Build Order
Export as new Build Order

Comments (0)

There are no comments. Be the first!

Create an account to comment!